AoeStats
← PomPom

Arabia

512205287Analyzed
1v1 RM · 9d ago on Oct 8, 2026· 31m 37s· 2 players
Game mode
Random Map
Map size
Tiny (2 player)
Population
200
Speed
Normal
Resources
Standard
Victory
Conquest
Starting age
Dark Age
Ending age
Imperial Age
RankedLock teamsTeams togetherTeam positionsShared explorationLock speedFull tech treeHidden civsTurbo modeCheats
Victory
Defeat
🇨🇳 Mapuche · China
1722
+17
vs
🇻🇳 Japanese · Vietnam
1743
-17
3458
6:38 Loom
8:48 Feudal Age
9:21 Double-Bit Axe
11:59 Fletching
14:40 Horse Collar
20:54 Castle Age
20:02 Padded Archer Armor
21:52 Bow Saw
22:24 Bodkin Arrow
24:05 Wheelbarrow
26:54 Hand Cart
27:47 Elite Skirmisher
29:02 Leather Archer Armor
30:43 Ballistics
PomPom
5:56 Loom
12:00 Feudal Age
12:18 Man-at-Arms
12:47 Double-Bit Axe
20:25 Wheelbarrow
23:28 Castle Age
22:09 Fletching
23:06 Scale Barding Armor
23:12 Bloodlines
23:15 Padded Archer Armor
24:05 Bodkin Arrow
23:31 Crossbowman
24:22 Bow Saw
29:00 Padded Archer Armor
29:07 Thumb Ring
Connection lost

Rejoining the realm…

Still unreachable

The connection could not be restored.

Session expired

The server has moved on; the page needs a fresh start.